 Dungeon Crawl Stone Soup version 0.16-a0-3554-g1f1ee3f (webtiles) character file.

4162 Minkie the Carver (level 10, 0/81 HPs)
             Began as a Yellow Draconian Fighter on Jan 10, 2015.
             Was an Elder of Okawaru.
             Slain by a killer bee (7 damage)
             ... on level 8 of the Dungeon.
             The game lasted 00:36:43 (8541 turns).

Minkie the Carver (Yellow Draconian Fighter)        Turns: 8541, Time: 00:36:43

Health: 0/81       AC: 10    Str: 23    XL:     10   Next: 7%
Magic:  10/10      EV: 14    Int: 11    God:    Okawaru [****..]
Gold:   385        SH: 12    Dex: 12    Spells: 0 memorised, 9 levels left

rFire  . . .     SeeInvis .     a - +0 long sword
rCold  . . .     Clarity  .     (armour unavailable)
rNeg   . . .     SustAb   .     N - +2 shield
rPois  +         Gourm    .     (helmet restricted)
rElec  .         Spirit   .     L - +0 cloak
rCorr  +         Warding  .     v - +0 pair of gloves (curse)
rMut   .         Stasis   .     d - +0 pair of boots
MR     .....                    (no amulet)
Stlth  +.........               c - +2 ring of evasion
                                u - ring of poison resistance

@: mighty, not resistant to hostile enchantments, very unstealthy
A: spit acid, acid resistance, unfitting armour, stinger 1, cold-blooded, AC +7
a: Spit Acid, Heroism, Renounce Religion


You were on level 8 of the Dungeon.
You worshipped Okawaru.
Okawaru was greatly pleased with you.
You were not hungry.

You visited 2 branches of the dungeon, and saw 9 of its levels.
You also visited: Sewer.

You collected 385 gold pieces.

Inventory:

Hand weapons
 a - a +0 long sword (weapon)
Missiles
 l - 9 tomahawks (quivered)
Armour
 d - a +0 pair of boots (worn)
 v - a cursed +0 pair of gloves (worn)
 L - a +0 cloak (worn)
 N - a +2 shield (worn)
Jewellery
 c - a +2 ring of evasion (right hand)
 h - an uncursed ring of wizardry
 u - a ring of poison resistance (left hand)
 E - a +2 ring of dexterity
 K - an uncursed ring of protection from magic
Magical devices
 b - a wand of polymorph (0)
Scrolls
 g - 6 scrolls of remove curse
 j - 5 scrolls of magic mapping {unknown}
 n - a scroll of recharging {unknown}
 p - 2 scrolls of fear {unknown}
 r - a scroll of fog {unknown}
 w - a scroll of random uselessness {unknown}
 y - 3 scrolls of blinking
 C - 2 scrolls of amnesia {unknown}
 F - a scroll of teleportation {unknown}
 H - a scroll of brand weapon {unknown}
 M - a scroll of enchant armour {unknown}
 P - a scroll of noise {unknown}
Potions
 e - 2 potions of might
 i - a potion of flight
 k - a potion of magic
 o - 2 potions of cure mutation
 s - 4 potions of curing
 x - 2 potions of restore abilities
 z - 3 potions of agility {unknown}
 A - 4 potions of heal wounds {unknown}
 G - a potion of resistance {unknown}
 I - 3 potions of haste {unknown}
 J - 3 potions of brilliance {unknown}
Books
 D - a book of Geomancy

   Spells                             Type                      Level
   a - Sandblast                      Earth                        1
   b - Stoneskin                      Transmutation/Earth          2
   c - Passwall                       Transmutation/Earth          3
   d - Stone Arrow                    Conjuration/Earth            3
   e - Petrify                        Transmutation/Earth          4
   f - Lee's Rapid Deconstruction     Earth                        5
Comestibles
 f - 4 bread rations
 m - a royal jelly
 q - 4 meat rations
 t - a slice of pizza
 B - 2 beef jerkies


   Skills:
 - Level 5.0 Fighting
 - Level 12.4 Long Blades
 + Level 5.0 Dodging
 + Level 5.4 Shields


You had 9 spell levels left.
You didn't know any spells.

Dungeon Overview and Level Annotations

Branches:
Dungeon (8/15)             Temple (1/1) D:5
   Lair: D:8-11

Altars:
Ashenzari
Dithmenos
Elyvilon
Fedhas
Gozag
Makhleb
Nemelex Xobeh
Okawaru
Sif Muna
Vehumet
Xom
Yredelemnul
Zin
The Shining One

Shops:
D:4 [   D:6 %

Annotations:
D:4 aori's ghost, average HEWn


Innate Abilities, Weirdness & Mutations

You can spit globs of acid.
You can corrode armour when you spit acid.
You are resistant to acid.
Your golden yellow scales are hard (AC +7).
Your body does not fit into most forms of armour.
Your cold-blooded metabolism reacts poorly to cold.
Your tail ends in a poisonous barb.


Message History

You feel better. The killer bee stings you.
* * * LOW HITPOINT WARNING * * *
The killer bee closely misses you. You block the killer bee's attack.
The killer bee stings you.
* * * LOW HITPOINT WARNING * * *
The queen bee stings you but does no damage.
The killer bee stings you.
* * * LOW HITPOINT WARNING * * *
The killer bee barely misses you.
You slash the killer bee!
You kill the killer bee!
Okawaru accepts your kill. You block the killer bee's attack. x2
The queen bee stings you.
* * * LOW HITPOINT WARNING * * *
You miss the killer bee.
Your tail-slap misses the killer bee.
The killer bee stings you!
* * * LOW HITPOINT WARNING * * *
The killer bee stings you!
You die...

###.........## ##.......###
##............#####..........##
#..............#...)..........#
#<.............#.............##
#................#.........### #
#................#.......########
#................................
##............#y.................
##.........##.†@.###############
##........##.y### #
#...##.##...### # ##...#.....## #
#...........# # ..###.......## #
#.........y# #........$..#
#............#


You could see a queen bee and a killer bee (berserk).

Vanquished Creatures
  Pikel (D:8)
  A centaur skeleton (D:7)
  A troll (D:8)
  A wyvern (D:8)
  A hungry ghost (D:6)
  4 sky beasts
  2 ice beasts
  An orc warrior (D:7)
  An ogre (D:4)
  4 centaurs
  2 big kobolds
  A scorpion (D:6)
  10 killer bees
  2 jellies (D:7)
  3 crimson imps
  2 hounds
  A giant frog zombie (D:5)
  An orc priest (D:5)
  A giant frog skeleton (D:5)
  7 worker ants
  An iguana (D:7)
  12 orc wizards
  A worker ant zombie (D:6)
  Robin (D:2)
  6 adders
  7 gnolls
  2 river rats (Sewer)
  A shadow imp (D:6)
  2 giant mites (D:5)
  A worm (D:2)
  An adder skeleton (D:6)
  5 orc zombies (D:6)
  An adder zombie (D:7)
  A giant gecko (D:2)
  3 oozes
  22 orcs
  3 giant cockroaches
  11 hobgoblins
  8 jackals
  25 kobolds
  2 quokkas (D:5)
  A ball python (D:2)
  12 bats
  A giant cockroach zombie (D:5)
  2 giant gecko zombies
  3 giant newts
  A giant spore (D:6)
  26 goblins
  A quokka skeleton (D:5)
  15 rats
  9 ballistomycetes
234 creatures vanquished.

Vanquished Creatures (others)
  A sky beast (D:6)
  A slave (D:8)
  2 killer bees (D:8)
  A hound (D:8)
  An orc wizard (D:6)
  An adder (D:8)
  An orc (D:8)
  A kobold (D:8)
  A bat (D:8)
  A giant spore (D:8)
  A quokka (D:8)
12 creatures vanquished.

Grand Total: 246 creatures vanquished

Notes
Turn   | Place    | Note
--------------------------------------------------------------
     0 | D:1      | Minkie, the Draconian Fighter, began the quest for the Orb.
     0 | D:1      | Reached XP level 1. HP: 19/19 MP: 1/1
   257 | D:1      | Reached XP level 2. HP: 20/26 MP: 2/2
   797 | D:2      | Reached skill level 4 in Fighting
   797 | D:2      | Reached XP level 3. HP: 33/33 MP: 3/3
   957 | D:2      | Noticed Robin
  1008 | D:2      | Killed Robin
  1440 | D:2      | Reached XP level 4. HP: 41/41 MP: 4/4
  1837 | D:3      | Found a shimmering altar of Xom.
  2094 | D:3      | Reached skill level 5 in Fighting
  2392 | D:3      | Reached XP level 5. HP: 45/48 MP: 5/5
  2906 | D:4      | Noticed aori's ghost (average HEWn)
  3000 | D:4      | Found Oluzuf's Antique Armour Shop.
  3308 | D:4      | Noticed an ogre
  3326 | D:4      | Killed an ogre
  3326 | D:4      | Reached skill level 5 in Long Blades
  3326 | D:4      | Reached XP level 6. HP: 35/56 MP: 6/6
  3466 | D:5      | Entered Level 5 of the Dungeon
  3466 | D:5      | Found a staircase to the Ecumenical Temple.
  3499 | Temple   | Entered the Ecumenical Temple
  3503 | Temple   | Became a worshipper of Warmaster Okawaru
  3839 | D:5      | Reached skill level 6 in Long Blades
  3918 | D:5      | Gained mutation: Your tail ends in a poisonous barb. [potion of beneficial mutation]
  3956 | D:5      | Found a glowing drain.
  3983 | Sewer    | Entered a sewer
  4118 | Sewer    | Your scales start taking on a golden yellow colour.
  4118 | Sewer    | Reached XP level 7. HP: 49/61 MP: 7/7
  4185 | Sewer    | Found a white marble altar of Elyvilon.
  4323 | D:5      | Reached skill level 7 in Long Blades
  4376 | D:5      | Acquired Okawaru's first power
  4892 | D:5      | Reached skill level 8 in Long Blades
  5237 | D:6      | Reached skill level 9 in Long Blades
  5237 | D:6      | Reached XP level 8. HP: 39/68 MP: 8/8
  5674 | D:6      | Reached skill level 10 in Long Blades
  6284 | D:6      | Found Twockew's Food Emporium.
  6517 | D:7      | Reached skill level 11 in Long Blades
  6526 | D:7      | Noticed a centaur skeleton
  6539 | D:7      | Killed a centaur skeleton
  6539 | D:7      | Reached XP level 9. HP: 31/74 MP: 9/9
  6864 | D:7      | Found a sparkling altar of Nemelex Xobeh.
  6875 | D:7      | Reached skill level 12 in Long Blades
  7885 | D:8      | Noticed Pikel
  7917 | D:8      | Killed Pikel
  8274 | D:8      | Reached skill level 5 in Shields
  8274 | D:8      | Reached XP level 10. HP: 74/81 MP: 10/10
  8513 | D:8      | Reached skill level 5 in Dodging
  8541 | D:8      | Slain by a killer bee

Action                   |  1- 3 |  4- 6 |  7- 9 | 10-12 || total
-------------------------+-------+-------+-------+-------++-------
Melee: Long sword        |   175 |   241 |   596 |    70 ||  1082
Throw: Tomahawk          |       |       |    10 |       ||    10
 Abil: Spit Acid         |       |       |     6 |       ||     6
  Use: Scroll            |       |    11 |     2 |       ||    13
       Potion            |       |     1 |     3 |     2 ||     6
 Stab: Sleeping          |       |       |     1 |       ||     1
  Eat: Chunk             |     2 |     9 |    17 |     2 ||    30
